 Dungeon Crawl Stone Soup version 0.19.0-24-gb05acd6 (webtiles) character file.

198 Gargo the Digger (level 5, -1/28 HPs)
             Began as a Gargoyle Earth Elementalist on Nov 21, 2016.
             Was an Initiate of Vehumet.
             Slain by an iguana (6 damage)
             ... on level 5 of the Dungeon.
             The game lasted 00:12:25 (2867 turns).

Gargo the Digger (Gargoyle Earth Elementalist)      Turns: 2867, Time: 00:12:26

Health: -1/28      AC:  8    Str: 14    XL:     5   Next: 77%
Magic:  7/11       EV: 12    Int: 19    God:    Vehumet [......]
Gold:   163        SH:  0    Dex: 10    Spells: 3 memorised, 3 levels left

rFire  . . .     SeeInvis .     e - +5 whip of Zewum {freeze, *Slow Str+2 Int+3}
rCold  . . .     Gourm    .     c - +0 robe
rNeg   + . .     Faith    .     (no shield)
rPois  ∞         Spirit   .     u - +0 helmet
rElec  +         Reflect  .     (no cloak)
rCorr  .         Harm     .     t - +0 pair of gloves (curse)
MR     .....                    (no boots)
Stlth  +.........               (no amulet)
                                (no ring)
                                m - ring of loudness (curse)

@: no status effects
A: negative energy resistance 1, electricity resistance, unbreathing,
petrification resistance, rot immunity, AC +4
a: Renounce Religion


You were on level 5 of the Dungeon.
You worshipped Vehumet.
Vehumet was noncommittal.
You were not hungry.

You visited 2 branches of the dungeon, and saw 6 of its levels.

You collected 163 gold pieces.

Inventory:

Hand Weapons
 a - a +0 short sword
 e - the +5 whip of Zewum (weapon) {freeze, *Slow Str+2 Int+3}
   (You found it on level 5 of the Dungeon)

   It has been specially enchanted to freeze those struck by it, causing extra
   injury to most foes and up to half again as much damage against particularly
   susceptible opponents.
   It can also slow down cold-blooded creatures.
   It affects your strength (+2).
   It affects your intelligence (+3).
   It may slow you when you take damage.
 g - a +0 club
Missiles
 b - 80 stones (quivered)
Armour
 c - a +0 robe (worn)
 h - a +0 pair of gloves
 o - a +0 large shield
 t - a cursed +0 pair of gloves (worn)
 u - a +0 helmet (worn)
Jewellery
 m - a cursed ring of loudness (left hand)
Scrolls
 f - a scroll of enchant weapon {unknown}
 i - a scroll of amnesia {unknown}
 j - 2 scrolls of teleportation
 n - 2 scrolls of blinking {unknown}
 p - 2 scrolls of remove curse {unknown}
 r - a scroll of enchant armour {unknown}
 v - 3 scrolls of identify
Potions
 d - a potion of mutation {unknown}
 l - a potion of curing {unknown}
 q - a potion of agility {unknown}
 s - a potion of might {unknown}


   Skills:
 - Level 0.1 Short Blades
 - Level 1.5 Dodging
 - Level 2.1 Stealth
 * Level 4.1 Spellcasting
 + Level 1.5 Conjurations
   Level 0.7 Transmutations
 + Level 5.2 Earth Magic


You had 3 spell levels left.
You knew the following spells:

 Your Spells              Type           Power        Failure   Level  Hunger
a - Sandblast             Erth           ###...       1%          1    None
b - Lee's Rapid Deconstr  Erth           ###.......   50%         5    ######.
A - Stone Arrow           Conj/Erth      ###...       12%         3    ###....


Dungeon Overview and Level Annotations

Branches:
Dungeon (5/15)             Temple (1/1) D:5

Altars:
Cheibriados
Dithmenos
Gozag
Hepliaklqana
Qazlal
Ru
Vehumet
Xom
Yredelemnul


Innate Abilities, Weirdness & Mutations

You are resistant to torment.
Your stone body is resilient. (AC +4)
You are immune to poison.
You resist negative energy. (rN+)
You are resistant to electric shocks. (rElec)
You can survive without breathing.
You are immune to petrification.
You are immune to rotting.


Message History

Press: ? - help, Shift-Dir - straight line, f/p - iguana
Aim: an iguana (lightly wounded)
The blast of sand hits the iguana.
The iguana is lightly wounded.
The iguana bites you.
You barely miss the iguana.
The iguana is lightly wounded.
The iguana closely misses you.
You hit the iguana. You freeze the iguana.
The iguana is lightly wounded.
The iguana barely misses you.
You closely miss the iguana.
The iguana is lightly wounded.
The iguana bites you!
* * * LOW HITPOINT WARNING * * *
Okay, then.
The iguana hisses menacingly.
The iguana hisses menacingly.
The iguana bites you.
You die...

.............# ..#
.............##.#
...............<.##.#
......................##
..?.....#.$......#####.(
.........###.#..........
......................##
..........<#.#.#.....##
..........l@.....###....
.............#.### ####
...........#>..######
.=..................##
......)........####..####..$
...#........#.## ##.......>
## ######..##.# #####....
#..##.# .. #..###.#


You could see an iguana.

Vanquished Creatures
  2 orc wizards (D:3)
  A hound zombie (D:5)
  5 adders
  2 oozes
  An adder skeleton (D:5)
  3 worms
  3 dart slugs (D:2)
  The ghost of dscm the Digger, a weakling OpEE (D:3)
  A leopard gecko (D:2)
  2 orcs (D:3)
  4 giant cockroaches
  7 hobgoblins
  A jackal (D:3)
  2 quokkas (D:2)
  A ball python (D:1)
  7 bats
  3 frilled lizards
  5 kobolds
  11 rats
62 creatures vanquished.

Notes
Turn   | Place    | Note
-------+----------+-------------------------------------------
     0 | D:1      | Gargo the Gargoyle Earth Elementalist began the quest for the Orb.
     0 | D:1      | Reached XP level 1. HP: 10/10 MP: 3/3
   224 | D:1      | Reached XP level 2. HP: 15/15 MP: 3/5
   301 | D:1      | Reached skill level 4 in Earth Magic
   483 | D:1      | Reached XP level 3. HP: 14/19 MP: 4/7
   493 | D:1      | Learned a level 3 spell: Stone Arrow
  1294 | D:2      | Found a shadowy altar of Dithmenos.
  1379 | D:2      | Reached XP level 4. HP: 24/24 MP: 5/8
  2358 | D:3      | Reached skill level 1 in Conjurations
  2358 | D:3      | Reached XP level 5. HP: 19/28 MP: 3/10
  2359 | D:3      | Reached skill level 5 in Earth Magic
  2617 | D:3      | Noticed dscm's ghost (weakling OpEE)
  2622 | D:3      | Killed dscm's ghost
  2683 | D:5      | Entered Level 5 of the Dungeon
  2683 | D:5      | Found a staircase to the Ecumenical Temple.
  2689 | Temple   | Entered the Ecumenical Temple
  2723 | Temple   | Became a worshipper of Vehumet
  2778 | Temple   | Learned a level 5 spell: Lee's Rapid Deconstruction
  2815 | D:5      | Got a scorched whip
  2816 | D:5      | Identified the +5 whip of Zewum {freeze, *Slow Str+2 Int+3} (You found it on level 5 of the Dungeon)
  2867 | D:5      | Slain by an iguana

Skill      XL: |  1  2  3  4  5 |
---------------+----------------+-----
Earth Magic    | 4 5 |  5.2
Spellcasting   | 3 4 |  4.1
Conjurations   | 1 |  1.5
Short Blades   | |  0.1
Dodging        | |  1.5
Stealth        | |  2.1
Transmutations | |  0.7

Action                   |  1- 3 |  4- 6 || total
-------------------------+-------+-------++-------
Melee: Short sword       |    14 |     8 ||    22
       Unarmed           |     1 |       ||     1
       Whip              |       |     3 ||     3
 Cast: Sandblast         |    61 |    74 ||   135
  Use: Scroll            |       |     2 ||     2
 Stab: Sleeping          |     8 |       ||     8
  Eat: Chunk             |     2 |     4 ||     6
Armor: Robe              |    23 |    20 ||    43
Dodge: Dodged            |    34 |    25 ||    59
